 Dungeon Crawl Stone Soup version 0.29-a0-398-ge13fd1374b (webtiles) character file.

Game seed: 16904411463760916084

618 thiscave3701365 the Chopper (level 7, 0/62 HPs)
             Began as a Minotaur Berserker on May 12, 2022.
             Was a Priest of Trog.
             Slain by a gnoll
             ... wielding a +0 spear
             ... led by a gnoll sergeant
              (3 damage)
             ... on level 5 of the Dungeon.
             The game lasted 00:04:12 (4784 turns).

thiscave3701365 the Chopper (Minotaur Berserker)    Turns: 4784, Time: 00:04:13

Health: 0/62       AC:  3    Str: 24    XL:     7   Next: 21%
Magic:  6/6        EV: 13    Int:  4    God:    Trog [***...]
Gold:   303        SH:  0    Dex:  9    Spells: 6/6 levels left

rFire   . . .      SeeInvis .   a - +0 hand axe
rCold   . . .      Faith    .   (no shield)
rNeg    . . .      Spirit   .   b - +1 animal skin
rPois   .          Reflect  .   (helmet restricted)
rElec   .          Harm     .   m - +0 cloak
rCorr   .          Rampage  .   h - +0 pair of gloves
Will    .....                   s - +0 pair of boots
Stlth   +.........              (no amulet)
HPRegen 0.20/turn               o - ring of flight
MPRegen 0.10/turn               (no ring)

@: corroded, on berserk cooldown, flying, slowed, very slow
A: horns 2, retaliatory headbutt
a: Renounce Religion, Berserk, Trog's Hand


You were on level 5 of the Dungeon.
You worshipped Trog.
Trog was most pleased with you.
You visited 1 branch of the dungeon, and saw 5 of its levels.

You collected 303 gold pieces.

Inventory:

Hand Weapons
 a - a +0 hand axe (weapon)
Armour
 b - a +1 animal skin (worn)
 h - a +0 pair of gloves (worn)
 m - a +0 cloak (worn)
 s - a +0 pair of boots (worn)
Jewellery
 o - a ring of flight (left hand)
 u - an amulet of magic regeneration
Wands
 w - a wand of mindburst (12)
Scrolls
 c - 2 scrolls of poison
 d - 2 scrolls of fog
 i - a scroll of teleportation
 p - a scroll of enchant armour
Potions
 e - 2 potions of curing
 f - 6 potions of attraction
 g - a potion of invisibility {unknown}
 j - 2 potions of lignification {unknown}
 k - 2 potions of haste
 l - 2 potions of magic
 n - a potion of flight {unknown}
 q - 2 potions of heal wounds {unknown}
 r - a potion of berserk rage {unknown}
 t - a potion of ambrosia {unknown}
 v - 2 potions of mutation {unknown}


   Skills:
 + Level 5.8 Fighting
 + Level 6.1 Axes
 + Level 4.9 Armour
 + Level 4.7 Dodging
 + Level 0.3 Stealth


You had 6 spell levels left.
You didn't know any spells.
Your spell library was empty.

Dungeon Overview and Level Annotations

Branches:
Dungeon (5/15)
 Temple: D:4-7

Altars:
Fedhas
Sif Muna
Trog
Wu Jian


Innate Abilities, Weirdness & Mutations

You have a pair of horns on your head.
You reflexively headbutt those who attack you in melee.


Message History

Unknown command.
You are too injured to fight recklessly!
Unknown command.
You are too injured to fight recklessly!
You hit the jelly.
You kill the jelly!
Trog accepts your kill. The iguana bites you!
Your Axes skill increases to level 6!
You closely miss the iguana. The iguana bites you!
* * * LOW HITPOINT WARNING * * *
You hit the iguana but do no damage. You headbutt the iguana.
The iguana is lightly wounded.
The iguana bites you.
* * * LOW HITPOINT WARNING * * *
The iguana closely misses you.
You closely miss the iguana.
The iguana is lightly wounded.
The iguana barely misses you.
You hit the iguana but do no damage.
You headbutt the iguana, but do no damage.
The iguana is lightly wounded.
The iguana barely misses you. You furiously retaliate!
You headbutt the iguana. The iguana completely misses you.
You barely miss the iguana.
The iguana is moderately wounded.
The iguana closely misses you.
You hit the iguana but do no damage.
The iguana is moderately wounded.
The iguana bites you.
* * * LOW HITPOINT WARNING * * *
The iguana completely misses you. You furiously retaliate!
You headbutt the iguana. You hit the iguana but do no damage.
You headbutt the iguana.
You kill the iguana!
Trog accepts your kill.
You barely miss the gnoll.
You headbutt the gnoll, but do no damage.
The gnoll hits you from afar with a +0 spear.
You die...

#<.....#
######.# #.#
#.# #.# ###.#
#...#
#.#######.####
#.....@gg.....
#########.####


You could see 2 gnolls.

Vanquished Creatures
  A black bear (D:4)
  The ghost of rumses the Firebug, an amateur DrFE (D:3)
  A scorpion (D:4)
  A gnoll sergeant (D:5)
  2 jellies
  A gnoll shaman (D:2)
  An iguana (D:5)
  8 adders
  5 gnolls
  3 worms
  4 dart slugs
  An orc (D:4)
  4 ball pythons
  5 bats
  10 endoplasms
  5 giant cockroaches
  5 goblins
  11 hobgoblins
  8 kobolds
  2 quokkas (D:1)
  5 frilled lizards
  8 rats
92 creatures vanquished.

Vanquished Creatures (others)
  A wizard (D:3)
1 creature vanquished.

Grand Total: 93 creatures vanquished

Notes
Turn   | Place    | Note
-------+----------+-------------------------------------------
     0 | D:1      | thiscave3701365 the Minotaur Berserker began the quest for
                  | the Orb.
     0 | D:1      | Reached XP level 1. HP: 19/19 MP: 0/0
   338 | D:1      | Reached XP level 2. HP: 27/27 MP: 1/1
   622 | D:1      | Reached skill level 4 in Axes
   991 | D:1      | Reached XP level 3. HP: 33/33 MP: 2/2
   999 | D:1      | Reached ** piety under Trog
  1721 | D:2      | Reached XP level 4. HP: 37/41 MP: 3/3
  2019 | D:2      | Reached XP level 5. HP: 44/47 MP: 4/4
  2817 | D:3      | Found a transporter.
  2826 | D:3      | Noticed rumses's ghost (amateur DrFE)
  2898 | D:3      | Found a transporter.
  3154 | D:3      | Found a bloodstained altar of Trog.
  3156 | D:3      | Noticed a wizard
  3161 | D:3      | Killed a wizard
  3297 | D:3      | Found an ornate altar of the Wu Jian Council.
  3418 | D:3      | Killed rumses's ghost
  3419 | D:3      | Reached skill level 5 in Fighting
  3419 | D:3      | Reached skill level 5 in Axes
  3419 | D:3      | Reached XP level 6. HP: 56/56 MP: 5/5
  3885 | D:4      | Reached *** piety under Trog
  3945 | D:4      | Found the +4 dagger "Morg" {pain, Will+ Int+5}
  4197 | D:4      | Found a shimmering blue altar of Sif Muna.
  4640 | D:4      | Found a blossoming altar of Fedhas.
  4741 | D:5      | Entered Level 5 of the Dungeon
  4771 | D:5      | Reached XP level 7. HP: 62/62 MP: 6/6
  4777 | D:5      | Reached skill level 6 in Axes
  4782 | D:5      | HP: 2/62 [iguana (3)]
  4784 | D:5      | Slain by a gnoll

Illustrated notes

Levels and vault maps discovered:
D:1:      kilobyte_arrival_exit_the_forest, layout_basic,
          corexii_leaking_fountain, minmay_pentomino_r4
D:2:      layout_rooms
D:3:      layout_rooms, nicolae_wu_jian_wuxing_cycle, trog_wizard,
          gammafunk_ghost_arena, hangedman_decor_riveting
D:4:      black_bear_nest_2, layout_gridville, lemuel_doored_altar,
          kennysheep_little_box, minmay_misc_feat_roman
D:5:      cheibrodos_fzero, layout_basic, nicolae_gozag_seed_capital,
          okawaru_metal_pillars_1_2

Skill      XL: |  1  2  3  4  5  6  7 |
---------------+----------------------+-----
Fighting       | 4 5 |  5.8
Axes           | 4 5 6 |  6.1
Armour         | 3 4 |  4.9
Dodging        | 3 4 |  4.7
Stealth        | |  0.3

Action                   |  1- 3 |  4- 6 |  7- 9 || total
-------------------------+-------+-------+-------++-------
Melee: Hand axe          |    71 |   129 |    14 ||   214
       Headbutt          |     9 |    24 |     5 ||    38
       Punch             |       |     2 |       ||     2
Invok: Berserk           |     1 |     3 |       ||     4
  Use: Scroll            |     5 |     5 |       ||    10
 Stab: Sleeping          |     1 |       |       ||     1
Armor: Animal skin       |     9 |    35 |       ||    44
Dodge: Dodged            |    38 |    86 |     9 ||   133

Table legend: (Time is in decaauts)
 A = Elapsed time spent in this place.
 B = Non-inter-level travel time spent in this place.
 C = Inter-level travel time spent in this place.
 D = Time resting spent in this place.
 E = Time spent auto-exploring this place.
 F = Levels seen in this place.
 G = Mean time per level.
                   A        B        C        D        E       F      G
               +--------+--------+--------+--------+--------+-----+--------+
         Total |   4830 |   4661 |    169 |    684 |   3410 |   5 |  966.0 |
       Dungeon |   4830 |   4661 |    169 |    684 |   3410 |   5 |  966.0 |
               +--------+--------+--------+--------+--------+-----+--------+

Top non-repeatable levels by time:
     D:1: 1600 daAuts
     D:2: 1252 daAuts
     D:4: 1143 daAuts
     D:3: 791 daAuts
     D:5: 43 daAuts
